 Dungeon Crawl Stone Soup version 0.23.2-1-ga50397a (webtiles) character file.

Game seed: 15963345833571435736

228 xveg the Covert (level 5, -1/26 HPs)
             Began as a Spriggan Assassin on May 7, 2019.
             Slain by a phantom (6 damage)
             ... on level 4 of the Dungeon.
             The game lasted 00:17:59 (3804 turns).

xveg the Covert (Spriggan Assassin)                 Turns: 3804, Time: 00:17:59

Health: -1/26      AC:  9    Str:  9    XL:     5   Next: 71%
Magic:  6/6        EV: 19    Int: 13    God:
Gold:   177        SH:  0    Dex: 18    Spells: 4/4 levels left

rFire    . . .     SeeInvis +   b - +1 blowgun
rCold    . . .     Gourm    .   (shield restricted)
rNeg     . . .     Faith    .   c - +0 robe
rPois    .         Spirit   .   n - +2 hat
rElec    .         Reflect  .   d - +1 cloak
rCorr    .         Harm     .   (gloves unavailable)
MR       +....                  (boots unavailable)
Stlth    ++++......             (no amulet)
HPRegen  0.08/turn              i - +3 ring of protection
MPRegen  0.10/turn              y - ring of protection from magic

@: very quick
A: very small, unfitting armour, talons 1, see invisible, herbivore, speed 3,
slow metabolism 2, strong 1, MP-powered wands
a: no special abilities


You were on level 4 of the Dungeon.
You were very hungry.

You visited 1 branch of the dungeon, and saw 4 of its levels.

You collected 177 gold pieces.

Inventory:

Hand Weapons
 a - a +2 dagger
 b - a +1 blowgun (weapon)
 p - a +0 vampiric dagger
Missiles
 e - 15 poisoned needles
 f - 2 curare-tipped needles (quivered)
 j - 59 bolts
Armour
 c - a +0 robe (worn)
 d - a +1 cloak (worn)
 n - a +2 hat (worn)
 v - a +0 pair of boots
Jewellery
 i - a +3 ring of protection (left hand)
 y - a ring of protection from magic (right hand)
Wands
 m - a wand of scattershot (6)
Scrolls
 h - 2 scrolls of teleportation
 l - a scroll of identify
 o - 3 scrolls of magic mapping
 u - 2 scrolls of enchant armour
Potions
 k - a potion of flight
 t - a potion of mutation
Comestibles
 g - 5 rations


   Skills:
 + Level 2.0 Fighting
 * Level 3.0 Short Blades
 + Level 3.4 Throwing
 * Level 3.6 Dodging
 * Level 8.0 Stealth


You had 4 spell levels left.
You didn't know any spells.
Your spell library was empty.

Dungeon Overview and Level Annotations

Branches:
Dungeon (4/15)
 Temple: D:4-7

Altars:
Gozag
Nemelex Xobeh
Xom


Innate Abilities, Weirdness & Mutations

You are very small and have problems with some larger weapons.
You are too small for most types of armour.
You have supernaturally acute eyesight. (SInv)
You are a herbivore.
You cover ground extremely quickly.
You need to consume almost no food.
You have sharp toenails.
Your muscles are strong. (Str +2)
You expend magic power (3 MP) to strengthen your wands.


Message History

The phantom blinks!
You see here a spear.
b - a +1 blowgun (weapon)
You see here a poisoned needle.
The phantom blinks!
e - 11 poisoned needles (gained 1)
You see here 2 poisoned needles.
e - 13 poisoned needles (gained 2)
e - 14 poisoned needles (gained 1)
e - 15 poisoned needles (gained 1)
You see here a scroll of teleportation.
You see here a +0 falchion.
You see here a curare-tipped needle.
You see here a curare-tipped needle.
f - a curare-tipped needle You see here a curare-tipped needle.
f - 2 curare-tipped needles (gained 1)
The phantom blinks!
The phantom hits you.
You die...

.####.#.......#.## ##(####
......#.8...8.#..# ##.#
....#.#.......#..###..########
###.#.#.......#..........%....
# #...#.......#..§?##.........
# ##..#.8...8(#..####†........
#..#.....†.#(.# #..#######
##.............# ##.##
#.(####.......@###...#
##...###......)W....#.#
##.....####.......####.#
.....#...##.......## #.#
..##.#.#...........# #.# .#
#..(.................
.####.......##..........
.......#$............>..
##..#####....####..#.....


You could see a phantom.

Vanquished Creatures
  A scorpion (D:4)
  An orc priest (D:4)
  An iguana (D:4)
  A worker ant (D:4)
  2 adders (D:3)
  5 worms
  2 dart slugs (D:3)
  2 leopard geckos
  6 orcs
  4 ball pythons
  3 giant cockroaches
  8 goblins
  7 hobgoblins
  8 kobolds
  A quokka (D:4)
  2 bats (D:3)
  3 frilled lizards
  3 rats (D:3)
60 creatures vanquished.

Notes
Turn   | Place    | Note
-------+----------+-------------------------------------------
     0 | D:1      | xveg the Spriggan Assassin began the quest for the Orb.
     0 | D:1      | Reached XP level 1. HP: 10/10 MP: 2/2
   121 | D:1      | Reached skill level 6 in Stealth
   285 | D:1      | Reached XP level 2. HP: 13/14 MP: 3/3
  1182 | D:2      | Reached XP level 3. HP: 6/18 MP: 4/4
  2167 | D:3      | Reached skill level 7 in Stealth
  2504 | D:3      | Reached XP level 4. HP: 23/23 MP: 5/5
  2744 | D:3      | Gained mutation: You have sharp toenails. [potion of
                  | mutation]
  2744 | D:3      | Gained mutation: Your muscles are strong. (Str +2) [potion
                  | of mutation]
  2744 | D:3      | Gained mutation: You expend magic power (3 MP) to
                  | strengthen your wands. [potion of mutation]
  2986 | D:3      | Found a shimmering altar of Xom.
  3156 | D:4      | Noticed a phantom
  3349 | D:4      | Found a sparkling altar of Nemelex Xobeh.
  3349 | D:4      | Found an opulent altar of Gozag.
  3515 | D:4      | Reached XP level 5. HP: 24/26 MP: 6/6
  3682 | D:4      | Reached skill level 8 in Stealth
  3804 | D:4      | Slain by a phantom

Skill      XL: |  1  2  3  4  5 |
---------------+----------------+-----
Stealth        | 6 7 8 |  8.0
Dodging        | 2 3 |  3.6
Throwing       | 3 |  3.4
Fighting       | 2 |  2.0
Short Blades   | 3 |  3.0

Action                   |  1- 3 |  4- 6 || total
-------------------------+-------+-------++-------
Melee: Dagger            |   147 |    77 ||   224
       Kick              |       |    14 ||    14
 Fire: Blowgun           |   131 |    54 ||   185
  Use: Scroll            |     9 |     3 ||    12
       Potion            |       |     6 ||     6
 Stab: Sleeping          |     2 |     6 ||     8
  Eat: Ration            |     2 |       ||     2
Armor: Robe              |    18 |    11 ||    29
Dodge: Dodged            |   121 |    55 ||   176
